 Dungeon Crawl Stone Soup version 0.27-a0-1154-gfdeffcb720 (webtiles) character file.

Game seed: 9133439819726212026

131 chippings the Shooter (level 4, 0/35 HPs)
             Began as a Mummy Hunter on May 14, 2021.
             Slain by a water moccasin skeleton (5 damage)
             ... on level 4 of the Dungeon.
             The game lasted 00:04:33 (3558 turns).

chippings the Shooter (Mummy Hunter)                Turns: 3558, Time: 00:04:34

Health: 0/35       AC:  3    Str: 16    XL:     4   Next: 91%
Magic:  4/4        EV: 11    Int: 10    God:
Gold:   97         SH:  0    Dex: 12    Spells: 3/3 levels left

rFire    x . .     SeeInvis .   e - +2 dagger (venom)
rCold    + . .     Faith    .   (no shield)
rNeg     + + +     Spirit   .   c - +0 leather armour
rPois    ∞         Reflect  .   (no helmet)
rElec    .         Harm     .   (no cloak)
rCorr    .         Rampage  .   (no gloves)
Will     .....                  (no boots)
Stlth    +.........             (no amulet)
HPRegen  0.11/turn              (no ring)
MPRegen  0.09/turn              (no ring)

@: no status effects
A: cold resistance 1, negative energy resistance 3, torment resistance 2, heat
vulnerability 1, no potions
a: no special abilities


You were on level 4 of the Dungeon.
You visited 1 branch of the dungeon, and saw 4 of its levels.

You collected 97 gold pieces.

Inventory:

Hand Weapons
 a - a +1 shortbow
 e - a +2 dagger of venom (weapon)
Missiles
 d - 26 arrows
Armour
 c - a +0 leather armour (worn)
Scrolls
 b - 2 scrolls of identify {unknown}
 f - a scroll of amnesia {unknown}
 g - a scroll of blinking {unknown}
 h - a scroll of silence {unknown}
 i - a scroll of vulnerability {unknown}
 j - a scroll of holy word {unknown}
 k - a scroll of teleportation {unknown}
 l - a scroll of brand weapon {unknown}
 m - a scroll of fear {unknown}


   Skills:
 + Level 3.3 Fighting
 * Level 4.6 Bows
 - Level 1.5 Dodging
 - Level 0.7 Stealth


You had 3 spell levels left.
You didn't know any spells.
Your spell library was empty.

Dungeon Overview and Level Annotations

Branches:
Dungeon (4/15)
 Temple: D:4-7

Altars:
Ru
Yredelemnul

Shops:
D:2 [[[


Innate Abilities, Weirdness & Mutations

You are immune to poison.
Your flesh is cold resistant. (rC+)
You are immune to negative energy. (rN+++)
You are immune to unholy pain and torment.
You are vulnerable to heat. (rF-)
You do not drink.


Message History

The water moccasin skeleton is moderately damaged.
The water moccasin skeleton bites you. x2
You closely miss the water moccasin skeleton.
The water moccasin skeleton is moderately damaged.
The water moccasin skeleton bites you.
You hit the water moccasin skeleton.
The water moccasin skeleton is heavily damaged.
The water moccasin skeleton bites you.
You completely miss the water moccasin skeleton.
The water moccasin skeleton is heavily damaged.
The water moccasin skeleton misses you.
You hit the water moccasin skeleton.
The water moccasin skeleton is heavily damaged.
The water moccasin skeleton barely misses you.
You hit the water moccasin skeleton.
The water moccasin skeleton is severely damaged.
The water moccasin skeleton barely misses you.
The water moccasin skeleton misses you.
You hit the water moccasin skeleton but do no damage.
The water moccasin skeleton is severely damaged.
The water moccasin skeleton bites you.
You hit the water moccasin skeleton.
The water moccasin skeleton is severely damaged.
The water moccasin skeleton bites you.
You hit the water moccasin skeleton.
The water moccasin skeleton is severely damaged.
The water moccasin skeleton bites you but does no damage.
You hit the water moccasin skeleton.
The water moccasin skeleton is almost destroyed.
The water moccasin skeleton bites you but does no damage.
You hit the water moccasin skeleton.
The water moccasin skeleton is almost destroyed.
The water moccasin skeleton bites you.
* * * LOW HITPOINT WARNING * * *
The water moccasin skeleton bites you.
* * * LOW HITPOINT WARNING * * *
You hit the water moccasin skeleton.
The water moccasin skeleton is almost destroyed.
The water moccasin skeleton bites you.
You die...

..#####...#####.##.##.#
..(. +...........#....#
.....####.#####..######
.....####.# #..#
..........# #..#
..........# #..#
.......(..# #..#
..........#####..#
.........†'Z@....#
##(.......#####.##
##.......# #.......+
+.......# ###....##
...##.# ... #.


You could see a water moccasin skeleton.

Vanquished Creatures
  An iguana (D:4)
  5 adders
  A shadow imp (D:4)
  2 worms (D:2)
  A dart slug (D:1)
  3 ball pythons
  3 endoplasms
  6 giant cockroaches
  8 goblins
  A hobgoblin (D:4)
  2 kobolds
  5 quokkas
  3 bats
  2 frilled lizards
  5 rats
48 creatures vanquished.

Vanquished Creatures (others)
  7 plants
7 creatures vanquished.

Grand Total: 55 creatures vanquished

Notes
Turn   | Place    | Note
-------+----------+-------------------------------------------
     0 | D:1      | chippings the Mummy Hunter began the quest for the Orb.
     0 | D:1      | Reached XP level 1. HP: 16/16 MP: 1/1
   480 | D:1      | Reached XP level 2. HP: 11/22 MP: 2/2
  1344 | D:2      | Found Pororyarph's Armour Shop.
  1364 | D:2      | Found Wuatynt's Antique Armour Shoppe.
  1457 | D:2      | Reached XP level 3. HP: 22/28 MP: 3/3
  1806 | D:2      | Reached skill level 4 in Bows
  1985 | D:2      | Found a sacrificial altar of Ru.
  2022 | D:2      | Reached XP level 4. HP: 12/34 MP: 4/4
  2236 | D:2      | Found Atyustei's Armour Emporium.
  2434 | D:2      | Found a faded altar of an unknown god.
  3244 | D:3      | Found a basalt altar of Yredelemnul.
  3558 | D:4      | Slain by a water moccasin skeleton

Illustrated notes

Levels and vault maps discovered:
D:1:      matt_arrival_spirals, layout_loops_corners, serial_bayou_lake_a
D:2:      wad_lake_hut, layout_basic, basic_altar,
          ebering_ecumenical_altar_abandoned, serial_shops,
          nicolae_shop_behind_doors, shop, shop
D:3:      layout_basic, general_overflow_altar
D:4:      layout_basic, minmay_temple_entry_enclosed_plants,
          ebering_ghost_sewer_f, eino_small_chamber_without_monster,
          st_stairs_10, grunt_ministairs_6, uniq_ijyb

Skill      XL: |  1  2  3  4 |
---------------+-------------+-----
Bows           | 4 |  4.6
Fighting       | 3 |  3.3
Dodging        | |  1.5
Stealth        | |  0.7

Action                   |  1- 3 |  4- 6 || total
-------------------------+-------+-------++-------
Melee: Short sword       |    21 |       ||    21
       Dagger            |    72 |    54 ||   126
 Fire: Shortbow          |       |     6 ||     6
 Stab: Sleeping          |     4 |       ||     4
Armor: Leather armour    |    25 |     9 ||    34
Dodge: Dodged            |    66 |    36 ||   102

Table legend: (Time is in decaauts)
 A = Elapsed time spent in this place.
 B = Non-inter-level travel time spent in this place.
 C = Inter-level travel time spent in this place.
 D = Time resting spent in this place.
 E = Time spent auto-exploring this place.
 F = Levels seen in this place.
 G = Mean time per level.
                   A        B        C        D        E       F      G
               +--------+--------+--------+--------+--------+-----+--------+
         Total |   3623 |   3525 |     98 |      0 |   2844 |   4 |  905.8 |
       Dungeon |   3623 |   3525 |     98 |      0 |   2844 |   4 |  905.8 |
               +--------+--------+--------+--------+--------+-----+--------+

Top non-repeatable levels by time:
     D:2: 1378 daAuts
     D:1: 1368 daAuts
     D:3: 737 daAuts
     D:4: 138 daAuts
